 Dungeon Crawl Stone Soup version 0.23.2-11-gf996548c65 (webtiles) character file.

Game seed: 1859785703106817675

100603 troglodite the Spry (level 15, -3/58 HPs)
             Began as a Spriggan Wanderer on May 30, 2019.
             Was the Champion of Hepliaklqana.
             Slain by a snapping turtle (10 damage)
             ... on level 3 of the Shoals on June 4, 2019.
             The game lasted 03:47:35 (49085 turns).

troglodite the Spry (Spriggan Wanderer)            Turns: 49085, Time: 03:47:36

Health: -3/58      AC: 10    Str:  8    XL:     15   Next: 81%
Magic:  0/39       EV: 35    Int: 22    God:    Hepliaklqana [******]
Gold:   1539       SH:  0    Dex: 24    Spells: 10/34 levels left

rFire    . . .     SeeInvis +   R - +5 rapier
rCold    + . .     Gourm    .   (shield restricted)
rNeg     . . .     Faith    .   e - +4 steam dragon scales
rPois    .         Spirit   +   (helmet restricted)
rElec    .         Reflect  .   l - +0 cloak
rCorr    .         Harm     .   (gloves unavailable)
MR       ++++.                  (boots unavailable)
Stlth    +++++++...             K - amulet of Linkon {Spirit *Slow rC+ MR++ Dex+4}
HPRegen  0.19/turn              C - ring of magical power
MPRegen  0.26/turn              L - +6 ring of intelligence

@: very slightly contaminated, very quick
A: very small, unfitting armour, reduced essence, see invisible, herbivore,
speed 3, slow metabolism 2
a: Recall Ancestor, Ancestor Identity, Transference, Idealise, Renounce Religion


You were on level 3 of the Shoals.
You worshipped Hepliaklqana.
Hepliaklqana was exalted by your worship.
You were hungry.

You visited 6 branches of the dungeon, and saw 26 of its levels.

You collected 2335 gold pieces.
You spent 796 gold pieces at shops.

Inventory:

Hand Weapons
 E - a +2 shortbow of flaming
 R - a +5 rapier (weapon)
Missiles
 b - 220 arrows
 i - 627 stones (quivered)
Armour
 e - +4 steam dragon scales (worn)
 l - a +0 cloak (worn)
 y - a +0 troll leather armour
Jewellery
 a - a +2 ring of strength
 o - an uncursed amulet of regeneration
 q - a +3 ring of dexterity
 C - a ring of magical power (left hand)
 I - an uncursed ring of stealth
 K - the amulet of Linkon (around neck) {Spirit *Slow rC+ MR++ Dex+4}
   (You acquired it on level 8 of the Dungeon)

   [amulet of guardian spirit]

   It causes incoming damage to be split between your health and magic.
   It affects your dexterity (+4).
   It protects you from cold.
   It affects your resistance to hostile enchantments.
   It may slow you when you take damage.
 L - a +6 ring of intelligence (right hand)
 M - the amulet of Voempod {Faith rPois Slay+3}
   (You found it on level 1 of the Shoals)

   [amulet of faith]

   It allows you to gain divine favour quickly.
   It affects your accuracy and damage with ranged weapons and melee attacks
   (+3).
   It protects you from poison.
 T - an uncursed ring of protection from magic
 Y - an uncursed ring of resist corrosion
Wands
 m - a wand of scattershot (8)
 p - a wand of disintegration (35)
 r - a wand of paralysis (9)
 A - a wand of polymorph (7)
 B - a wand of flame (13)
 H - a wand of clouds (6)
 Q - a wand of enslavement (23)
 S - a wand of iceblast (6)
 U - a wand of acid (7)
Scrolls
 c - 8 scrolls of amnesia
 d - 5 scrolls of teleportation
 g - 6 scrolls of fog
 k - a scroll of fear
 s - a scroll of vulnerability
 v - 6 scrolls of remove curse
 J - 4 scrolls of magic mapping
 V - a scroll of identify
Potions
 h - 3 potions of berserk rage
 j - 11 potions of curing
 n - 4 potions of heal wounds
 t - 4 potions of haste
 u - a potion of cancellation
 w - 2 potions of resistance
 x - 2 potions of agility
 z - 3 potions of lignification
 D - 3 potions of brilliance
 F - a potion of invisibility
 G - 2 potions of ambrosia
 N - a potion of magic
 O - a potion of mutation
 P - 3 potions of might
Comestibles
 f - 16 rations


   Skills:
 - Level 1.3 Fighting
 - Level 7.2 Short Blades
 * Level 15.3 Bows
 + Level 1.0 Throwing
 * Level 15.9 Dodging
 * Level 15.4 Stealth
 * Level 10.3 Spellcasting
 * Level 5.4 Conjurations
 * Level 8.4 Hexes
 * Level 7.8 Charms
 * Level 5.5 Summonings
 * Level 9.6 Translocations
 * Level 4.4 Ice Magic
 * Level 7.3 Earth Magic
   Level 2.0 Poison Magic


You had 10 spell levels left.
You knew the following spells:

 Your Spells              Type           Power        Failure   Level  Hunger
a - Sandblast             Erth           #####.       1%          1    None
b - Stone Arrow           Conj/Erth      #####.       1%          3    None
c - Portal Projectile     Hex/Tloc       ######       1%          3    None
d - Summon Guardian Gole  Hex/Summ       #####...     1%          3    None
e - Call Canine Familiar  Summ           #####...     1%          3    None
f - Ozocubu's Armour      Chrm/Ice       #####...     1%          3    None
g - Throw Icicle          Conj/Ice       ####....     8%          4    ##.....
h - Summon Ice Beast      Ice/Summ       ####....     8%          4    ##.....

Your spell library contained the following spells:

 Spells                   Type           Power        Failure   Level  Hunger
 Apportation              Tloc           ######       1%          1    None
 Confusing Touch          Hex            #####.       1%          1    None
 Corona                   Hex            #####..      1%          1    None
 Freeze                   Ice            ####         1%          1    None
 Shock                    Conj/Air       ###.         1%          1    None
 Summon Small Mammal      Summ           ####         1%          1    None
 Call Imp                 Summ           #####...     1%          2    None
 Slow                     Hex            #####...     1%          2    None
 Swiftness                Chrm/Air       ####....     1%          2    None
 Throw Frost              Conj/Ice       ####..       1%          2    None
 Cause Fear               Hex            #####.....   1%          4    ##.....
 Leda's Liquefaction      Hex/Erth       #####.....   2%          4    ##.....
 Inner Flame              Hex/Fire       ####....     3%          3    None
 Animate Skeleton         Necr           N/A          6%          1    None
 Static Discharge         Conj/Air       ###.....     6%          3    None
 Summon Lightning Spire   Summ/Air       ###.....     19%         4    ##.....
 Bolt of Magma            Conj/Fire/Erth ####......   28%         5    ####...
 Lightning Bolt           Conj/Air       ###.......   47%         5    ####...
 Airstrike                Air            ##........   50%         4    ##.....
 Iron Shot                Conj/Erth      #####.....   54%         6    ######.
 Statue Form              Tmut/Erth      ####.....    90%         6    ######.
 Shatter                  Erth           #####.....   100%        9    #######


Dungeon Overview and Level Annotations

Branches:
Dungeon (13/15)            Temple (1/1) D:4            Lair (6/6) D:8
 Shoals (3/4) Lair:3        Snake (1/4) Lair:2        Slime (0/5) Lair:6
    Orc (2/2) D:12            Elf (0/3) Orc:2
 Vaults: D:13-14

Altars:
Ashenzari
Cheibriados
Dithmenos
Elyvilon
Fedhas
Gozag
Hepliaklqana
Kikubaaqudgha
Makhleb
Nemelex Xobeh
Okawaru
Qazlal
Ru
Sif Muna
Trog
Uskayaw
Vehumet
Wu Jian
Xom
Yredelemnul
Zin
The Shining One
Beogh

Shops:
D:9 }   D:12 *%[   Orc:2 %*[[![

Annotations:
D:9 3 runed translucent doors, Terandir's ghost, novice MiFi
D:11 Bodigarde's ghost, journeyman HOFi
Shoals:3 Ilsuiw


Innate Abilities, Weirdness & Mutations

You are very small and have problems with some larger weapons.
You are too small for most types of armour.
You have supernaturally acute eyesight. (SInv)
You are a herbivore.
You cover ground extremely quickly.
You need to consume almost no food.
Your life essence is reduced to manifest your ancestor. (-10% HP)


Message History

The snapping turtle is almost dead.
You hear a shout! x2
The faun points at you and mumbles some strange words.
You resist with almost no effort.
The snapping turtle completely misses you.
You hit the snapping turtle but do no damage.
The snapping turtle is almost dead.
The satyr shoots an arrow.
The arrow barely misses you.
Artakama hits the snapping turtle but does no damage.
The faun unwields a +0 spear.
The faun wields a +0 hunting sling.
The faun shoots a sling bullet.
The sling bullet completely misses you. The snapping turtle bites you!
You barely miss the snapping turtle.
The snapping turtle is almost dead.
The satyr shoots an arrow.
The arrow hits you!!
* * * LOW HITPOINT WARNING * * *
The faun unwields a +0 spear.
The faun wields a +0 hunting sling.
The faun shoots a sling bullet.
The sling bullet completely misses you. The snapping turtle bites you!
You die...

≈≈≈≈≈≈≈≈..≈≈ ≈
≈≈≈≈≈≈≈≈≈≈≈ ≈≈
≈≈≈≈≈≈≈.≈ ≈≈ ≈≈.
...≈≈.. ≈≈≈
≈≈≈.##.≈..# ...≈
≈≈≈...≈≈≈.###...≈
≈≈≈≈.......$..≈!≈
≈≈≈.((Rt@<...≈≈≈≈
≈≈...###.........
≈≈. #.....#... ≈
..........!..).
≈≈......≈≈≈≈...
t≈..≈....≈≈≈...
≈≈≈≈≈≈..≈≈≈c≈c.
≈≈≈≈≈≈≈≈≈≈≈≈≈c≈
m≈≈≈≈≈≈≈≈≈≈≈..≈


You could see the friendly Artakama the knight, a satyr, a snapping turtle and 2
fauns.

Vanquished Creatures
  A merfolk impaler (Shoals:1)
  2 hydras (D:11)
  An alligator snapping turtle (Shoals:2)
  3 merfolk avatars
  2 catoblepae (Lair:6)
  An ogre mage (D:12)
  4 two-headed ogres
  A merfolk aquamancer (Shoals:2)
  5 death yaks (Lair:6)
  4 orc high priests
  4 sea snakes
  A deep troll (Orc:1)
  5 harpies (Shoals:1)
  4 orc knights
  A lindwurm (Lair:3)
  6 fauns
  3 orc sorcerers
  3 manticores
  A cyclops (D:8)
  A deep elf mage (D:12)
  7 elephants
  A water nymph (Shoals:2)
  2 black mambas
  9 merfolk sirens
  A torpor snail (Lair:6)
  Joseph (D:7)
  10 spiny frogs
  A rime drake (Lair:3)
  A komodo dragon (Lair:4)
  5 merfolk
  7 trolls
  2 hornets
  2 slime creatures (Lair:6)
  A wind drake (Shoals:1)
  2 dream sheep (Shoals:3)
  5 blink frogs
  7 hippogriffs
  3 snapping turtles
  A water elemental (Shoals:2)
  A wyvern (Lair:3)
  A wraith (D:11)
  40 yaks
  2 basilisks
  2 hungry ghosts
  2 chaos spawn (D:9)
  A naga (Lair:2)
  4 wargs
  7 water moccasins
  2 porcupines (Lair:4)
  2 ice beasts
  27 orc warriors
  A black bear (D:6)
  2 sky beasts
  A phantom (D:6)
  14 ogres
  5 crocodiles
  13 centaurs
  4 big kobolds
  19 bullfrogs
  4 scorpions
  11 killer bees
  3 howler monkeys
  3 crimson imps
  3 bullfrog zombies
  5 jellies
  23 orc priests
  4 centaur skeletons
  4 hounds
  A bullfrog skeleton (D:10)
  5 iguanas
  13 orc wizards
  15 worker ants
  A killer bee zombie (D:10)
  A hound zombie (D:11)
  A hound skeleton (D:6)
  A worker ant zombie (D:11)
  4 gnolls
  2 howler monkey skeletons
  11 adders
  4 shadow imps
  4 oozes (D:8)
  An adder skeleton (D:10)
  4 worms
  A dart slug (D:5)
  2 leopard geckos
  82 orcs
  2 ball pythons
  6 bats
  6 giant cockroaches
  A goblin (D:2)
  6 hobgoblins
  A jackal (D:4)
  4 quokkas
  6 frilled lizards
  A jackal zombie (D:6)
  14 kobolds
  A leopard gecko skeleton (D:5)
  A quokka skeleton (D:9)
  2 rats (D:1)
  A plant (Lair:6)
536 creatures vanquished.

Vanquished Creatures (collateral kills)
  An orc warlord (Orc:2)
  A stone giant (Orc:1)
  A merfolk javelineer (Shoals:3)
  A merfolk impaler (Shoals:1)
  A hydra (Lair:3)
  Erica (D:8)
  A catoblepas (Lair:6)
  A death yak (Lair:6)
  5 orc high priests
  2 two-headed ogres
  A shock serpent (Snake:1)
  2 sea snakes
  An unseen horror (D:10)
  Pikel (D:6)
  6 orc knights
  An orc sorcerer (Orc:1)
  A faun (Shoals:2)
  4 manticores
  3 merfolk sirens
  3 cyclopes
  An ugly thing (D:11)
  Psyche (D:11)
  2 black mambas
  5 elephants
  3 spiny frogs
  A gargoyle (D:11)
  A troll (Orc:1)
  A queen bee (Lair:2)
  2 wind drakes
  4 merfolk
  2 dream sheep (Shoals:3)
  3 hippogriffs
  3 blink frogs (Lair:6)
  5 snapping turtles
  Sigmund (D:4)
  2 wyverns
  Eustachio (D:6)
  31 yaks
  5 water elementals
  A warg (Orc:2)
  A water moccasin (Lair:6)
  A porcupine (Lair:3)
  18 orc warriors
  2 phantoms
  4 ogres
  4 centaurs
  2 crocodiles
  3 bullfrogs
  A scorpion (D:8)
  9 killer bees
  3 crimson imps
  A quasit (D:9)
  3 hounds
  2 jellies
  8 orc priests
  A gnoll shaman (D:10)
  6 orc wizards
  4 iguanas
  4 gnolls (D:10)
  An adder (D:8)
  A shadow imp (D:9)
  An ooze (D:8)
  27 orcs
  A giant cockroach (D:7)
  A jackal (D:4)
  A quokka (D:6)
  5 kobolds (D:8)
  A butterfly (Lair:1)
  4 plants
233 creatures vanquished.

Vanquished Creatures (others)
  A slave (D:6)
  2 orc priests
  24 knights
  2 ancestors (D:5)
  An orc (D:6)
  11 fungi
  21 plants
62 creatures vanquished.

Grand Total: 831 creatures vanquished

Notes
Turn   | Place    | Note
-------+----------+-------------------------------------------
     0 | D:1      | troglodite the Spriggan Wanderer began the quest for the
                  | Orb.
     0 | D:1      | troglodite set off with the following items: a +2 shortbow,
                  | 20 arrows, a scroll of teleportation, a +0 robe, a ration;
                  | and the following spell memorised: Sandblast; and the
                  | following spells available to memorise: Stone Arrow
     0 | D:1      | Reached XP level 1. HP: 9/9 MP: 5/5
   170 | D:1      | Reached XP level 2. HP: 12/13 MP: 6/6
   248 | D:1      | Reached skill level 1 in Dodging
  1362 | D:2      | Reached XP level 3. HP: 16/16 MP: 6/8
  1499 | D:2      | Noticed a sky beast
  1558 | D:2      | Killed a sky beast
  1558 | D:2      | Reached skill level 1 in Short Blades
  1558 | D:2      | Reached XP level 4. HP: 19/21 MP: 9/9
  1558 | D:2      | Reached XP level 5. HP: 23/25 MP: 10/10
  1611 | D:2      | Reached skill level 5 in Bows
  1974 | D:2      | Reached skill level 1 in Earth Magic
  2799 | D:4      | Noticed a centaur
  2807 | D:4      | Killed a centaur
  2876 | D:4      | Reached XP level 6. HP: 29/29 MP: 12/12
  2974 | D:4      | Found a staircase to the Ecumenical Temple.
  2974 | D:4      | Noticed an orc warrior
  3089 | D:4      | Killed an orc warrior
  3110 | D:4      | Reached skill level 1 in Fighting
  3322 | Temple   | Entered the Ecumenical Temple
  3443 | Temple   | Became a worshipper of Hepliaklqana the Forgotten
  3748 | D:4      | Reached XP level 7. HP: 29/29 MP: 14/14
  4091 | D:4      | Noticed Sigmund
  4135 | D:4      | Killed Sigmund
  4208 | D:5      | Entered Level 5 of the Dungeon
  4251 | D:5      | Reached skill level 5 in Stealth
  4491 | D:5      | Found a blossoming altar of Fedhas.
  4747 | D:5      | Reached skill level 5 in Dodging
  4980 | D:5      | Reached * piety under Hepliaklqana
  5177 | D:5      | Reached XP level 8. HP: 33/33 MP: 15/15
  5615 | D:6      | Noticed Eustachio
  5778 | D:6      | Reached skill level 5 in Spellcasting
  5888 | D:6      | Killed Eustachio
  5924 | D:6      | Noticed Pikel
  6045 | D:5      | Learned a level 3 spell: Stone Arrow
  6095 | D:6      | Killed Pikel
  6095 | D:6      | Reached skill level 5 in Short Blades
  6095 | D:6      | Reached XP level 9. HP: 6/36 MP: 16/18
  6663 | D:7      | Reached skill level 1 in Conjurations
  6675 | D:7      | Noticed Joseph
  6682 | D:7      | Killed Joseph
  6873 | D:7      | Reached ** piety under Hepliaklqana
  6879 | D:7      | Remembered your ancestor Artakama as a knight
  7085 | D:7      | Found a white marble altar of Elyvilon.
  7300 | D:7      | Learned a level 3 spell: Portal Projectile
  7464 | D:7      | Reached XP level 10. HP: 40/40 MP: 20/20
  7480 | D:7      | Learned a level 3 spell: Summon Guardian Golem
  7484 | D:7      | Learned a level 3 spell: Call Canine Familiar
  7805 | D:8      | Found a blossoming altar of Fedhas.
  7921 | D:8      | Reached skill level 1 in Translocations
  7952 | D:8      | Noticed Erica
  7964 | D:8      | Paralysed by Erica for 7 turns
  7990 | D:8      | Killed Erica
  8139 | D:8      | Reached skill level 1 in Summonings
  8295 | D:8      | Noticed a cyclops
  8314 | D:8      | Killed a cyclops
  8314 | D:8      | Reached skill level 10 in Stealth
  8616 | D:8      | Found a staircase to the Lair.
  8888 | D:9      | Found a shimmering altar of Xom.
  8889 | D:9      | Found the +7 mace of Variability {chain chaos}
  9015 | D:9      | Noticed a two-headed ogre
  9026 | D:9      | Killed a two-headed ogre
  9216 | D:9      | Reached skill level 10 in Bows
  9220 | D:9      | Noticed Terandir's ghost (novice MiFi)
  9417 | D:8      | Reached *** piety under Hepliaklqana
  9430 | D:8      | Identified a scroll of acquirement
  9433 | D:8      | Got a glittering brass amulet
  9435 | D:8      | Identified the amulet of Linkon {Spirit *Slow rC+ MR++
                  | Dex+4} (You acquired it on level 8 of the Dungeon)
  9526 | D:9      | Found Piasir's Gadget Shop.
  9649 | D:9      | Reached XP level 11. HP: 41/44 MP: 22/22
  9845 | D:9      | Found a runed translucent gate.
  9845 | D:9      | Found a runed translucent gate.
  9845 | D:9      | Found a runed translucent gate.
  9998 | D:10     | Entered Level 10 of the Dungeon
 10139 | D:10     | Noticed an unseen horror
 10200 | D:10     | Killed an unseen horror
 10200 | D:10     | Reached skill level 10 in Dodging
 11136 | D:10     | Reached skill level 5 in Earth Magic
 11538 | D:11     | Noticed a green ugly thing
 12091 | D:11     | Reached **** piety under Hepliaklqana
 12134 | D:11     | Killed a green ugly thing
 12263 | D:11     | Found a runed translucent gate.
 12263 | D:11     | Found a runed translucent gate.
 12263 | D:11     | Found a runed translucent gate.
 12275 | D:11     | Noticed Psyche
 12316 | D:11     | Killed Psyche
 12547 | D:11     | Noticed a nine-headed hydra
 12547 | D:11     | Noticed a ten-headed hydra
 12548 | D:11     | Noticed Bodigarde's ghost (journeyman HOFi)
 12680 | D:11     | Killed a ten-headed hydra
 12854 | D:11     | Killed a nine-headed hydra
 13505 | D:12     | Noticed an ogre mage
 13505 | D:12     | Noticed a two-headed ogre
 13505 | D:12     | Noticed a two-headed ogre
 13508 | D:12     | Noticed a two-headed ogre
 13515 | D:12     | Killed a two-headed ogre
 13515 | D:12     | Reached skill level 5 in Translocations
 13515 | D:12     | Reached XP level 12. HP: 47/47 MP: 24/24
 13562 | D:12     | Killed a two-headed ogre
 13605 | D:12     | Killed an ogre mage
 13647 | D:12     | Killed a two-headed ogre
 13979 | D:12     | Found a staircase to the Orcish Mines.
 14041 | D:12     | Found Kaip Gipt's Food Boutique.
 14166 | D:12     | Found Ivian's Assorted Antiques.
 14169 | D:12     | Bought a scroll labeled YPTIYP RAMEW for 28 gold pieces
 14242 | D:12     | Found Viri's Armour Boutique.
 15326 | Orc:1    | Entered Level 1 of the Orcish Mines
 15326 | Orc:1    | Found a roughly hewn altar of Beogh.
 15627 | Orc:1    | Noticed a two-headed ogre
 15627 | Orc:1    | Noticed an orc high priest
 16229 | D:12     | Learned a level 3 spell: Ozocubu's Armour
 16234 | D:12     | Learned a level 4 spell: Throw Icicle
 16239 | D:12     | Learned a level 4 spell: Summon Ice Beast
 16316 | D:12     | Killed a two-headed ogre
 16321 | D:12     | Reached skill level 5 in Hexes
 16378 | Orc:1    | Noticed an orc high priest
 16578 | D:12     | Killed an orc high priest
 17057 | D:12     | Reached skill level 1 in Charms
 17689 | Lair:1   | Entered Level 1 of the Lair of Beasts
 17762 | Lair:1   | You fall through a shaft!
 18139 | Lair:1   | Reached skill level 1 in Ice Magic
 18193 | Lair:1   | Found an opulent altar of Gozag.
 19092 | Lair:2   | Reached XP level 13. HP: 32/51 MP: 26/26
 19331 | Lair:2   | Reached ***** piety under Hepliaklqana
 19505 | Lair:2   | Found a staircase to the Snake Pit.
 20354 | Lair:3   | Found a staircase to the Shoals.
 27308 | Lair:5   | Reached ****** piety under Hepliaklqana
 27873 | Lair:6   | Entered Level 6 of the Lair of Beasts
 28767 | Lair:6   | Found a staircase to the Slime Pits.
 29015 | Lair:6   | Reached XP level 14. HP: 54/54 MP: 27/27
 31049 | Lair:6   | Reached skill level 5 in Charms
 32199 | Lair:6   | Upgraded the game from 0.23.2-1-ga50397a to
                  | 0.23.2-11-gf996548c65
 33066 | Lair:6   | Reached skill level 15 in Dodging
 34721 | Orc:2    | Entered Level 2 of the Orcish Mines
 36210 | Orc:2    | Found Atyzil's Antique Armour Emporium.
 36214 | Orc:2    | Found Alua's Distillery.
 36315 | Orc:2    | Found a staircase to the Elven Halls.
 36799 | Orc:1    | Noticed a stone giant
 36855 | Orc:1    | Killed a stone giant
 37177 | Orc:2    | Noticed an orc warlord
 37632 | Orc:2    | Killed an orc warlord
 39294 | Orc:2    | Reached skill level 15 in Stealth
 40015 | Orc:2    | Reached skill level 5 in Summonings
 40404 | Orc:2    | Reached XP level 15. HP: 52/58 MP: 29/29
 41070 | Orc:2    | Found Ackionwes's Food Shoppe.
 41070 | Orc:2    | Found Denishre's Antique Armour Shoppe.
 41071 | Orc:2    | Found Inkoom's General Store.
 41071 | Orc:2    | Found Soapur's Antique Armour Shoppe.
 41085 | Orc:2    | Bought a cloak for 103 gold pieces
 41096 | Orc:2    | Bought a scroll of vulnerability for 120 gold pieces
 41096 | Orc:2    | Bought a scroll of identify for 32 gold pieces
 41389 | Orc:2    | Bought a potion of heal wounds for 65 gold pieces
 41389 | Orc:2    | Bought a potion of curing for 39 gold pieces
 41389 | Orc:2    | Bought a potion of haste for 130 gold pieces
 41389 | Orc:2    | Bought a potion of haste for 130 gold pieces
 41389 | Orc:2    | Bought a potion of heal wounds for 65 gold pieces
 41455 | D:12     | Bought a scroll of teleportation for 84 gold pieces
 41595 | Snake:1  | Entered Level 1 of the Snake Pit
 42076 | Shoals:1 | Entered Level 1 of the Shoals
 42226 | Shoals:1 | Got a transparent golden amulet
 42227 | Shoals:1 | Identified the amulet of Voempod {Faith rPois Slay+3} (You
                  | found it on level 1 of the Shoals)
 42824 | Shoals:1 | Found a runed translucent door.
 42896 | Shoals:1 | Reached skill level 5 in Conjurations
 43716 | Shoals:1 | Reached skill level 15 in Bows
 45111 | Shoals:2 | Reached skill level 10 in Spellcasting
 47754 | Shoals:3 | HP: 2/58 [poisoned by a merfolk javelineer]
 47762 | Shoals:3 | HP: 2/58 [poisoned by a merfolk javelineer]
 48108 | Shoals:3 | Noticed Ilsuiw
 49085 | Shoals:3 | Slain by a snapping turtle

Skill      XL: |  1  2  3  4  5  6  7  8  9 10 11 12 13 14 15 |
---------------+----------------------------------------------+-----
Bows           | 4 5 6 8 9 10 11 13 14 15 | 15.3
Dodging        | 1 2 3 4 5 7 8 9 11 14 15 | 15.9
Stealth        | 2 3 4 5 7 9 10 12 14 15 | 15.4
Spellcasting   | 3 4 5 6 7 8 9 10 | 10.3
Short Blades   | 1 2 3 5 6 7 |  7.2
Earth Magic    | 1 2 3 4 5 6 7 |  7.3
Fighting       | 1 |  1.3
Conjurations   | 1 2 3 4 5 |  5.4
Translocations | 3 5 6 7 8 9 |  9.6
Hexes          | 2 4 5 6 7 8 |  8.4
Summonings     | 1 2 3 4 5 |  5.5
Charms         | 2 4 6 7 |  7.8
Ice Magic      | 1 2 3 4 |  4.4
Throwing       | |  1.0
Poison Magic   | |  2.0

Action                   |  1- 3 |  4- 6 |  7- 9 | 10-12 | 13-15 || total
-------------------------+-------+-------+-------+-------+-------++-------
Melee: Dagger            |    67 |   233 |   388 |   912 |   681 ||  2281
       Rapier            |       |       |       |       |  1229 ||  1229
 Fire: Shortbow          |    66 |    29 |    62 |   744 |  1126 ||  2027
 Cast: Sandblast         |       |     6 |       |       |       ||     6
       Stone Arrow       |       |       |       |     8 |    20 ||    28
       Call Canine Famil |       |       |       |     3 |       ||     3
       Summon Ice Beast  |       |       |       |     1 |     7 ||     8
       Ozocubu's Armour  |       |       |       |     1 |       ||     1
       Throw Icicle      |       |       |       |       |   134 ||   134
Invok: Recall Ancestor   |       |     1 |     7 |    12 |    66 ||    86
       Ancestor Life: Kn |       |       |     1 |       |       ||     1
  Use: Scroll            |       |     6 |     7 |     7 |    27 ||    47
       Potion            |       |       |       |       |     7 ||     7
 Stab: Sleeping          |     2 |     9 |    15 |    36 |    30 ||    92
       Distracted        |       |       |     2 |     6 |    25 ||    33
  Eat: Ration            |       |       |     2 |     7 |    21 ||    30
Armor: Robe              |     7 |     6 |     6 |       |       ||    19
       Steam dragon scal |       |    22 |    33 |    94 |   188 ||   337
Dodge: Dodged            |    80 |   198 |   299 |  1061 |  2518 ||  4156
